 Dungeon Crawl Stone Soup version 0.15-a0-1004-gbf4e2e6 (console) character file.

16 Kellhus the Magician (level 2, 0/20 HPs)
             Began as a Draconian Wizard on May 25, 2014.
             Slain by Terence
             ... wielding a +0,+0 mace
              (5 damage)
             ... on Level 2 of the Dungeon.
             The game lasted 00:01:14 (908 turns).

Kellhus the Magician (Draconian Wizard)              Turns: 908, Time: 00:01:14

HP   0/20        AC  5     Str  9      XL: 2   Next: 41%
MP   0/6         EV 12     Int 18      God:
Gold 48          SH  0     Dex  9      Spells:  1 memorised,  6 levels left

rFire  . . .     SeeInvis .     (no weapon)
rCold  . . .     Clarity  .     (armour unavailable)
rNeg   . . .     Conserve .     (no shield)
rPois  .         rCorr    .     b - +0 hat
rElec  .         rRot     .     (no cloak)
SustAb .         Spirit   .     m - +0 pair of gloves
rMut   .         Warding  .     (no boots)
Gourm  .         Stasis   .     (no amulet)
MR     .....                    (no ring)
                                (no ring)

@: very slightly contaminated, not resistant to hostile enchantments, very
unstealthy
A: unfitting armour, cold-blooded, AC +4
a: no special abilities


You were on level 2 of the Dungeon.
You were not hungry.

You visited 1 branch of the dungeon, and saw 2 of its levels.

You collected 48 gold pieces.

Inventory:

Armour
 b - a +0 hat (worn)
 m - a +0 pair of gloves (worn)
Comestibles
 a - 10 strawberries
 d - a bread ration
 i - a choko
Scrolls
 e - a scroll of blinking {unknown}
 f - a scroll of fog {unknown}
 h - a scroll of random uselessness {unknown}
 k - a scroll of fear {unknown}
 n - a scroll of enchant weapon I {unknown}
Jewellery
 l - a cursed -3 ring of evasion {unknown}
Potions
 g - a potion of haste {unknown}
 j - 2 potions of heal wounds {unknown}
Books
 c - a book of Minor Magic

   Spells                             Type                      Level
   *Magic Dart                        Conjuration                  1
   Blink                              Translocation                2
   Call Imp                           Summoning                    2
   Repel Missiles                     Charms/Air                   2
   Slow                               Hexes                        2
   Conjure Flame                      Conjuration/Fire             3
   Mephitic Cloud                     Conjuration/Poison/Air       3


   Skills:
 - Level 1.7 Dodging
 - Level 1.7 Stealth
 - Level 3.0 Spellcasting
 + Level 2.4 Conjurations
   Level 1.0 Summonings
   Level 1.0 Translocations


You had 6 spell levels left.
You knew the following spells:

 Your Spells              Type           Power        Failure   Level  Hunger
a - Magic Dart            Conj           ##..         8%          1    None


Dungeon Overview and Level Annotations

Branches:
Dungeon (2/15)

Altars:

Annotations:
D:2 Terence


Innate Abilities, Weirdness & Mutations

Your plain brown scales are hard (AC +4).
Your body does not fit into most forms of armour.
Your cold-blooded metabolism reacts poorly to cold.


Message History

Confirm with . or Enter, or press ? or * to list all spells.
Aiming: Magic Dart
Press: ? - help, Shift-Dir - straight line, f/p - Terence
Aim: Terence, wielding a mace, wearing a chain mail and carrying a wand of confusion {zapped: 18} (moderately wounded)
You miscast Magic Dart.
You are very lightly contaminated with residual magic.
You smell something strange.
Casting: Magic Dart
Confirm with . or Enter, or press ? or * to list all spells.
You don't have enough magic to cast that spell.
Casting: Magic Dart
Confirm with . or Enter, or press ? or * to list all spells.
You don't have enough magic to cast that spell.
You barely miss Terence.
Terence is moderately wounded.
Terence barely misses you.
You hit Terence but do no damage.
Terence is moderately wounded.
Terence hits you with a mace.
You die...

#...>...###.#####.#
######.................#
#............###.##.#..#
##.####.......# #....#..#
###(.####......####.......#
#............#.##........##
#.......#......##.#......####
#...(...#...@..##.......###..
#...>...#...@..##.##.........
#.......#(.....##.##.##.###..
#.......#......##.##....# ###
#.......#.......#.......# #
###.#########..#.##.#..# # #.
#...?...........# #
#.........##.#.## #
#....%...@##.#. #
.....>....$...#.


You could see Terence.

Vanquished Creatures
  3 bats
  3 goblins (D:1)
  A hobgoblin (D:1)
  2 giant geckos (D:1)
  3 giant newts
  2 kobolds (D:1)
  2 rats
16 creatures vanquished.

Notes
Turn   | Place    | Note
--------------------------------------------------------------
     0 | D:1      | Kellhus, the Draconian Wizard, began the quest for the Orb.
     0 | D:1      | Reached XP level 1. HP: 14/14 MP: 4/4
   358 | D:1      | Reached XP level 2. HP: 18/20 MP: 3/6
   823 | D:2      | Noticed Terence
   908 | D:2      | Slain by Terence

Action                   || total
-------------------------++-------
Melee: Unarmed           ||     3
 Cast: Magic Dart        ||    41
